 Dungeon Crawl Stone Soup version 0.28-b1-25-g9875b3fc8c (webtiles) character file.

Game seed: 430125375923574269

10212 sanka the Frost Mage (level 11, -2/86 HPs)
             Began as a Formicid Ice Elementalist on Feb 5, 2022.
             Was an Elder of Vehumet.
             Slain by an orc (3 damage)
             ... on level 11 of the Dungeon.
             The game lasted 00:28:45 (16488 turns).

sanka the Frost Mage (Formicid Ice Elementalist)   Turns: 16488, Time: 00:28:46

Health: -2/86      AC: 10    Str: 14    XL:     11   Next: 88%
Magic:  14/27      EV: 14    Int: 18    God:    Vehumet [****..]
Gold:   738        SH:  0    Dex: 11    Spells: 4/19 levels left

rFire   . . .      SeeInvis +   Q - +1 war axe (elec)
rCold   . . .      Faith    +   (no shield)
rNeg    . . .      Spirit   .   O - +0 acid dragon scales
rPois   .          Reflect  .   (helmet unavailable)
rElec   .          Harm     .   g - +1 cloak
rCorr   +          Rampage  .   J - +0 pair of gloves
Will    ++...                   q - +0 pair of boots
Stlth   ++........              N - amulet of faith
HPRegen 0.24/turn               o - ring of willpower
MPRegen 0.20/turn               u - ring of magical power

@: engulfed (cannot breathe)
A: permanent stasis, dig shafts and tunnels, antennae 3, four strong arms
a: Dig, Shaft Self, Renounce Religion


You were on level 11 of the Dungeon.
You worshipped Vehumet.
Vehumet was greatly pleased with you.
You visited 2 branches of the dungeon, and saw 12 of its levels.

You collected 738 gold pieces.

Inventory:

Hand Weapons
 k - a +0 trident
 p - a +2 dagger of venom
 s - the +6 dagger of the Land of Plenty {flame, Will+ SInv}
   (You took it off a kobold on level 5 of the Dungeon)

   It burns those it strikes, dealing additional fire damage.
   SInv:      It lets you see invisible.
   Will:      It increases your willpower.
 E - a +4 battleaxe
 Q - a +1 war axe of electrocution (weapon)
Missiles
 x - 2 throwing nets
 P - 2 curare-tipped darts
Armour
 a - a +0 robe
 g - a +1 cloak (worn)
 q - a +0 pair of boots (worn)
 J - a +0 pair of gloves (worn)
 O - +0 acid dragon scales (worn)
Magical Staves
 n - a staff of air
Jewellery
 d - a ring of wizardry
 o - a ring of willpower (left hand)
 u - a ring of magical power (right hand)
 B - an amulet of reflection
 K - a ring of magical power
 N - an amulet of faith (around neck)
Wands
 G - a wand of digging (2)
Scrolls
 c - 2 scrolls of holy word {unknown}
 h - 8 scrolls of teleportation {unknown}
 i - 5 scrolls of magic mapping {unknown}
 j - a scroll of brand weapon {unknown}
 l - 7 scrolls of identify {unknown}
 m - 4 scrolls of vulnerability {unknown}
 r - 2 scrolls of amnesia {unknown}
 t - 2 scrolls of enchant weapon {unknown}
 v - 2 scrolls of acquirement {unknown}
 w - a scroll of immolation {unknown}
 y - 2 scrolls of fog {unknown}
 F - a scroll of fear {unknown}
 H - 3 scrolls of enchant armour {unknown}
 L - a scroll of noise {unknown}
 M - a scroll of silence {unknown}
Potions
 b - 3 potions of curing
 e - 3 potions of lignification
 f - 2 potions of haste {unknown}
 z - a potion of degeneration {unknown}
 A - a potion of brilliance {unknown}
 D - a potion of berserk rage {unknown}
 I - a potion of attraction {unknown}


   Skills:
 - Level 8.0 Fighting
 - Level 10.0 Dodging
 - Level 2.4 Stealth
 + Level 4.6 Spellcasting
 - Level 6.0 Conjurations
 + Level 3.4 Summonings
 - Level 10.0 Ice Magic


You had 4 spell levels left.
You knew the following spells:

 Your Spells              Type           Power      Damage    Failure   Level
a - Freeze                Ice            100%       1d11      1%          1
b - Frozen Ramparts       Ice            80%        1d10      1%          3
c - Ozocubu's Armour      Ice            40%        N/A       1%          3
d - Hailstorm             Conj/Ice       32%        3d8       2%          4
e - Summon Ice Beast      Ice/Summ       28%        N/A       13%         4

Your spell library contained the following spells:

 Spells                   Type           Power      Damage    Failure   Level
 Airstrike                Air            2%         N/A       45%         4
 Foxfire                  Conj/Fire      56%        2x1d6     1%          1
 Magic Dart               Conj           100%       1d8       1%          1
 Searing Ray              Conj           50%        2d6       1%          2
 Static Discharge         Conj/Air       14%        N/A       2%          2
 Conjure Flame            Conj/Fire      14%        6-21      5%          3
 Mephitic Cloud           Conj/Pois/Air  11%        N/A       7%          3
 Call Imp                 Summ           16%        N/A       8%          2
 Inner Flame              Hex/Fire       4%         N/A       16%         3
 Flame Wave               Conj/Fire      14%        2d6       16%         4
 Fulminant Prism          Conj/Hex       7%         3d7       16%         4
 Sticky Flame             Conj/Fire      14%        2d4       16%         4
 Animate Skeleton         Necr           8%         N/A       21%         1
 Pain                     Necr           16%        1d4       21%         1
 Ice Form                 Ice/Tmut       22%        N/A       26%         4
 Sublimation of Blood     Necr           4%         N/A       30%         2
 Vampiric Draining        Necr           4%         2d6       52%         3
 Dispel Undead            Necr           4%         3d7       90%         4
 Petrify                  Tmut/Erth      4%         N/A       90%         4
 Irradiate                Conj/Tmut      7%         3d16      38%         5
 Lightning Bolt           Conj/Air       7%         1d19      38%         5
 Agony                    Necr           4%         N/A       99%         5
 Excruciating Wounds      Necr           2%         N/A       99%         5
 Malign Gateway           Summ/Tloc      5%         N/A       100%        7
 Maxwell's Capacitive Co  Air            2%         ∞         100%        8
 Summon Horrible Things   Summ           8%         N/A       100%        8


Dungeon Overview and Level Annotations

Branches:
Dungeon (11/15)            Temple (1/1) D:4            Lair (0/6) D:8
    Orc (0/2) D:10

Altars:
Ashenzari
Cheibriados
Dithmenos
Elyvilon
Fedhas
Gozag
Hepliaklqana
Kikubaaqudgha
Makhleb
Nemelex Xobeh
Okawaru
Qazlal
Ru
Sif Muna
Trog
Uskayaw
Vehumet
Wu Jian
Xom
Yredelemnul
Zin
The Shining One

Annotations:
D:8 exclusion: ugly thing


Innate Abilities, Weirdness & Mutations

You cannot be hasted, slowed, berserked, paralysed or teleported.
You can dig through walls and to a lower floor.
You have a pair of large antennae on your head. (SInv)
Your four strong arms can wield two-handed weapons with a shield.


Message History

You freeze the orc warrior!
You kill the orc warrior!
Vehumet accepts your kill.
You feel your power returning.
The wall freezes the water elemental.
Unknown command.
You slash the water elemental! You punch the water elemental.
The water elemental is heavily damaged.
An orc comes into view. It is wielding a +0 whip.
The wall freezes the water elemental!
The water elemental misses you.
You hit the water elemental.
The water elemental is almost destroyed.
The frozen ramparts melt away.
The water elemental barely misses you. The water elemental closely misses you.
You hit the water elemental but do no damage.
The water elemental is almost destroyed.
The water elemental hits you.
The water elemental engulfs you in water!
The orc barely misses you.
You barely miss the water elemental.
The water elemental is almost destroyed.
Your lungs strain for air!
The water elemental hits you!
* * * LOW HITPOINT WARNING * * *
The orc hits you but does no damage. The water elemental hits you!
* * * LOW HITPOINT WARNING * * *
The orc barely misses you.
Your icy armour will break if you move.
Continue? [Y]es or [N]o only, please.
Your icy armour will break if you move.
Continue?
Okay, then.
Okay, then.
Your icy armour will break if you move.
Continue?
You slip free of the water engulfing you.
Your icy armour cracks and falls away as you move.
You gasp with relief as air once again reaches your lungs.
It was a potion of curing.
You feel better. The water elemental hits you!
* * * LOW HITPOINT WARNING * * *
The water elemental engulfs you in water!
The orc hits you from afar with a +0 trident of freezing.
You die...

... ..# #.# #.#
#)# #o# #o#
#####E###
##....@..#####.#
#........#........
#.##.##...######.#
#.#.....# { .
##...## ## #..##
#.(# .# .#####..#
#.# ........## #.#


You could see a water elemental and 2 orcs.

Vanquished Creatures
  Nergalle (D:10)
  2 manticores (D:9)
  Joseph (D:7)
  An unseen horror (D:11)
  A kobold demonologist (D:11)
  A troll (D:9)
  3 hornets
  A meliai zombie (D:11)
  2 shadows (D:9)
  5 yaks
  A wraith (D:11)
  2 steam dragons
  2 acid dragons
  2 water moccasins (D:8)
  2 sky beasts
  6 orc warriors
  A black bear (D:3)
  A necrophage (D:4)
  4 ice beasts
  5 ogres
  9 centaurs
  2 phantoms
  4 kobold brigands
  8 bullfrogs
  4 scorpions
  A wyvern skeleton (D:7)
  A water moccasin skeleton (D:7)
  A troll zombie (D:10)
  8 wights (D:7)
  A howler monkey (D:8)
  7 electric eels (D:10)
  2 centaur zombies
  2 hounds
  A jelly (D:7)
  3 orc priests
  2 bullfrog skeletons
  A gnoll shaman (D:7)
  5 iguanas
  3 orc wizards
  2 killer bee zombies (D:8)
  5 ogre zombies (D:10)
  4 adders
  3 shadow imps
  2 ufetubi (D:5)
  3 worms
  2 adder skeletons (D:4)
  3 dart slugs
  34 orcs
  5 ball pythons
  4 endoplasms
  2 giant cockroaches
  9 goblins
  6 hobgoblins
  3 quokkas
  6 bats
  2 frilled lizards
  A goblin skeleton (D:10)
  4 goblin zombies (D:10)
  32 kobolds
  2 orc skeletons (D:10)
  12 orc zombies (D:10)
  6 rats
261 creatures vanquished.

Vanquished Creatures (others)
  49 fungi
  65 plants
114 creatures vanquished.

Grand Total: 375 creatures vanquished

Notes
Turn   | Place    | Note
-------+----------+-------------------------------------------
     0 | D:1      | sanka the Formicid Ice Elementalist began the quest for the
                  | Orb.
     0 | D:1      | Reached XP level 1. HP: 13/13 MP: 3/3
   322 | D:1      | Reached XP level 2. HP: 18/19 MP: 1/5
   989 | D:1      | Reached XP level 3. HP: 24/24 MP: 4/7
  1224 | D:1      | Learned a level 3 spell: Frozen Ramparts
  1228 | D:1      | Learned a level 3 spell: Ozocubu's Armour
  1494 | D:2      | Found a glowing silver altar of Zin.
  1790 | D:2      | Found a faded altar of an unknown god.
  2592 | D:3      | Reached XP level 4. HP: 25/30 MP: 5/8
  2706 | D:3      | Found a white marble altar of Elyvilon.
  2706 | D:3      | Found a shadowy altar of Dithmenos.
  2707 | D:3      | Noticed a black bear
  2714 | D:3      | Killed a black bear
  2715 | D:3      | Reached XP level 5. HP: 26/35 MP: 2/9
  3133 | D:4      | Found a staircase to the Ecumenical Temple.
  3294 | Temple   | Entered the Ecumenical Temple
  3458 | Temple   | Became a worshipper of Vehumet
  3505 | D:4      | Reached XP level 6. HP: 32/41 MP: 4/10
  3984 | D:4      | Noticed a necrophage
  3984 | D:4      | Noticed an ogre
  3989 | D:4      | Killed an ogre
  4038 | D:4      | Killed a necrophage
  4039 | D:4      | Reached XP level 7. HP: 46/46 MP: 5/11
  4875 | D:5      | Entered Level 5 of the Dungeon
  4902 | D:5      | Reached * piety under Vehumet
  4902 | D:5      | Offered knowledge of Sandblast by Vehumet.
  4906 | D:5      | Identified the +6 dagger of the Land of Plenty {flame,
                  | Will+ SInv}
  5555 | D:5      | Reached XP level 8. HP: 52/52 MP: 12/12
  6042 | D:5      | Reached skill level 10 in Ice Magic
  6042 | D:5      | Reached skill level 1 in Fighting
  6414 | D:6      | Reached ** piety under Vehumet
  6414 | D:6      | Offered knowledge of Scorch by Vehumet.
  7310 | D:6      | Reached XP level 9. HP: 34/64 MP: 13/13
  7463 | D:6      | Learned a level 4 spell: Hailstorm
  8615 | D:7      | Reached skill level 5 in Fighting
  8788 | D:7      | Noticed Joseph
  8801 | D:7      | Killed Joseph
  8802 | D:7      | Reached skill level 5 in Dodging
  9025 | D:7      | HP: 3/71 [steam dragon (2)]
  9028 | D:7      | Reached XP level 10. HP: 4/77 MP: 14/14
 10374 | D:8      | Found a staircase to the Lair.
 10457 | D:8      | Offered knowledge of Searing Ray by Vehumet.
 10765 | D:8      | Noticed a white ugly thing
 11132 | D:8      | Reached *** piety under Vehumet
 12413 | D:9      | Noticed a manticore
 12423 | D:9      | Killed a manticore
 12612 | D:9      | Reached XP level 11. HP: 82/86 MP: 15/15
 13024 | D:9      | Reached skill level 10 in Dodging
 13047 | D:9      | Noticed a manticore
 13056 | D:9      | Killed a manticore
 13427 | D:10     | Entered Level 10 of the Dungeon
 13431 | D:10     | Noticed Nergalle
 13992 | D:10     | Killed Nergalle
 13993 | D:10     | Reached skill level 5 in Conjurations
 14549 | D:10     | Offered knowledge of Dazzling Flash by Vehumet.
 14588 | D:10     | Found a staircase to the Orcish Mines.
 15099 | D:10     | Reached **** piety under Vehumet
 15166 | D:10     | Learned a level 4 spell: Summon Ice Beast
 15205 | D:10     | Offered knowledge of Airstrike by Vehumet.
 15996 | D:11     | Reached skill level 1 in Summonings
 16486 | D:11     | HP: 3/86 [water elemental (12)]
 16488 | D:11     | HP: 1/86 [water elemental (12)]
 16488 | D:11     | Slain by an orc

Illustrated notes

Levels and vault maps discovered:
D:1:      heliophobic_arrival_glass_houses, layout_basic, minmay_pentomino_v2
D:2:      layout_basic, basic_altar, shapermc_ecumenical_altar_ellora,
          feat_on_display
D:3:      layout_basic, gammafunk_temple_overflow_statue
D:4:      layout_basic, minmay_temple_entry_stoned_glass, serial_aquarium,
          aquarium_bridge_square [aquarium_subvault_bridge,
          aquarium_subvault_bridge, aquarium_subvault_bridge,
          aquarium_subvault_wall], aquarium_window_fake,
          aquarium_window_corridor_2, aquarium_window_double, aquarium_window_2,
          aquarium_view_2c, aquarium_pool_corner
D:5:      kennysheep_kobold_camp, layout_basic
D:6:      layout_loops_ring, minmay_misc_feat_iff, minmay_holes,
          minmay_misc_feat_tiny, minivault_26
D:7:      layout_basic, palyth_stone_intersect, hangedman_minor_gate_pass,
          uniq_joseph
D:8:      layout_cave_pods, due_lair_maze_entry_diamond, minmay_checkerbox
D:9:      layout_roguey
D:10:     layout_irregular_city, zombieorc1_lemuel, serial_bayou,
          serial_bayou_crossing, serial_bayou_shore_b, serial_bayou_lake_a,
          serial_bayou_shore_b, minmay_crystal_room, uniq_nergalle
D:11:     layout_loops_corners, nicolae_underground_beach, uniq_psyche
Temple:   regret_index_temple_chain_breaker

Skill      XL: |  1  2  3  4  5  6  7  8  9 10 11 |
---------------+----------------------------------+-----
Spellcasting   | 3 4 |  4.6
Ice Magic      | 6 7 8 10 | 10.0
Fighting       | 3 6 8 |  8.0
Dodging        | 3 6 9 10 | 10.0
Conjurations   | 6 |  6.0
Summonings     | 3 |  3.4
Stealth        | |  2.4

Action                   |  1- 3 |  4- 6 |  7- 9 | 10-12 || total
-------------------------+-------+-------+-------+-------++-------
Melee: Unarmed           |    26 |    29 |       |     8 ||    63
       Punch             |     1 |       |     2 |     6 ||     9
       Trident           |       |    16 |     1 |       ||    17
       Dagger            |       |       |   118 |   186 ||   304
       War axe           |       |       |       |    40 ||    40
 Cast: Freeze            |    62 |    26 |    93 |   154 ||   335
       Frozen Ramparts   |       |     4 |    14 |    30 ||    48
       Ozocubu's Armour  |       |     1 |     3 |    19 ||    23
       Hailstorm         |       |       |    17 |     8 ||    25
 Abil: Dig               |       |       |       |     1 ||     1
  Use: Potion            |       |       |       |     5 ||     5
 Stab: Sleeping          |       |       |     5 |       ||     5
       Distracted        |       |       |     2 |     1 ||     3
Armor: Robe              |    14 |    11 |    48 |    57 ||   130
       Acid dragon scale |       |       |       |    73 ||    73
       Skin              |       |       |       |    10 ||    10
Dodge: Dodged            |    41 |    43 |   104 |   286 ||   474
Block: Other             |       |       |    25 |    46 ||    71
       Reflection        |       |       |     1 |     4 ||     5
